 Dungeon Crawl Stone Soup version 0.22.1-2-g9c5b331 (webtiles) character file.

2439 Lilu the Destroyer (level 9, -8/76 HPs)
             Began as a Deep Elf Conjurer on Nov 29, 2018.
             Was a Follower of Vehumet.
             Mangled by Joseph
             ... wielding a +0 quarterstaff
              (16 damage)
             ... on level 7 of the Dungeon.
             The game lasted 00:21:02 (8472 turns).

Lilu the Destroyer (Deep Elf Conjurer)              Turns: 8472, Time: 00:21:03

Health: -8/76      AC:  4    Str:  7 (10) XL:     9   Next: 25%
Magic:  11/23      EV: 15    Int: 23 (24) God:    Vehumet [*.....]
Gold:   404        SH:  0    Dex: 12 (15) Spells: 8/24 levels left

rFire    . . .     SeeInvis .   u - -1 dagger (curse)
rCold    . . .     Gourm    .   (no shield)
rNeg     . . .     Faith    .   k - +0 leather armour
rPois    .         Spirit   .   (no helmet)
rElec    .         Reflect  .   C - +0 cloak {MR+}
rCorr    .         Harm     .   (no gloves)
MR       +....                  (no boots)
Stlth    ..........             B - amulet of rage
HPRegen  0.22/turn              i - ring of stealth
MPRegen  0.18/turn              G - ring of stealth

@: berserking, very quick
A: no striking features
a: Renounce Religion, Evoke Berserk Rage


You were on level 7 of the Dungeon.
You worshipped Vehumet.
Vehumet was aware of your devotion.
You were not hungry.

You visited 2 branches of the dungeon, and saw 8 of its levels.

You collected 404 gold pieces.

Inventory:

Hand Weapons
 u - a cursed -1 dagger (weapon)
 y - a +0 falchion of venom
Armour
 a - a +0 robe
 k - a +0 leather armour (worn)
 w - a +0 shield
 C - a +0 cloak of magic resistance (worn)
Jewellery
 i - a ring of stealth (left hand)
 B - an amulet of rage (around neck)
 G - a ring of stealth (right hand)
Wands
 s - a wand of iceblast (13)
 E - a wand of polymorph (14)
Scrolls
 b - 10 scrolls of identify {unknown}
 e - a scroll of fear {unknown}
 f - 4 scrolls of enchant weapon {unknown}
 h - 2 scrolls of remove curse {unknown}
 l - 2 scrolls of enchant armour {unknown}
 n - 2 scrolls of teleportation {unknown}
 o - a scroll of fog {unknown}
 r - a scroll of amnesia {unknown}
 t - 3 scrolls of magic mapping {unknown}
 x - a scroll of immolation {unknown}
 D - a scroll of vulnerability {unknown}
 F - a scroll of summoning {unknown}
Potions
 d - a potion of degeneration
 g - a potion of cancellation {unknown}
 j - a potion of berserk rage
 m - 2 potions of magic {unknown}
 p - 2 potions of might {unknown}
 q - 2 potions of curing {unknown}
 v - a potion of brilliance {unknown}
 z - 3 potions of lignification {unknown}
Comestibles
 c - 15 rations
 A - a chunk of flesh


   Skills:
 + Level 3.4 Fighting
 + Level 8.3 Dodging
 - Level 2.4 Stealth
 - Level 8.0 Spellcasting
 + Level 8.6 Conjurations
 + Level 3.3 Hexes
 + Level 2.6 Fire Magic


You had 8 spell levels left.
You knew the following spells:

 Your Spells              Type           Power        Failure   Level  Hunger
a - Magic Dart            Conj           ####         1%          1    None
b - Searing Ray           Conj           #####.       1%          2    None
c - Iskenderun's Mystic   Conj           #####...     3%          4    ###....
d - Fulminant Prism       Conj/Hex       #####.....   9%          4    ###....
e - Flame Tongue          Conj/Fire      ####.        1%          1    None
f - Force Lance           Conj/Tloc      ####....     19%         4    ###....

Your spell library contained the following spells:

 Spells                   Type           Power        Failure   Level  Hunger
 Dazzling Spray           Conj/Hex       #####.       2%          3    None


Dungeon Overview and Level Annotations

Branches:
Dungeon (7/15)             Temple (1/1) D:5

Altars:
Ashenzari
Cheibriados
Elyvilon
Fedhas
Kikubaaqudgha
Qazlal
Ru
Uskayaw
Vehumet
Wu Jian
Yredelemnul
Zin
The Shining One

Shops:
D:6 [

Annotations:
D:7 Joseph


Message History

Joseph hits you with an uncursed quarterstaff!
* * * LOW HITPOINT WARNING * * *
The searing ray misses Joseph.
Joseph smiles happily.
Joseph hits you with an uncursed quarterstaff.
* * * LOW HITPOINT WARNING * * *
It was a potion of degeneration.
There was something very wrong with that liquid.
You feel weakened.
You feel dopey.
You feel clumsy. Joseph closely misses you.
It was a potion of berserk rage.
A red film seems to cover your vision as you go berserk!
You feel yourself moving faster!
You feel mighty!
Joseph hits you with an uncursed quarterstaff.
* * * LOW HITPOINT WARNING * * *
You are too berserk!
You hit Joseph.
Joseph is moderately wounded.
Joseph hits you with an uncursed quarterstaff!
You die...

....>.......# .....
.###........#########.....
.# #......................
# #.......######..#....
#........# #....# #
.####.....+#######).#
..........#. #...#.#
#...####.#...#...#.# #.#.#
###.....@.#..
#.#.########._@#######
#.)).).รท<#...... #. .#
###.####.#...#.) #.##.###.#
.......(.#...#.. #......#.#
###.####.+#######+..###.#.#
#.. #....# ..@ #.#.######
#.# #..(.# # #.#.#..... #.#
##...###########.#.#.....


You could see Joseph.

Vanquished Creatures
  Sigmund (D:3)
  An orc warrior (D:7)
  2 ice beasts
  2 ogres
  A phantom (D:4)
  A big kobold (D:7)
  4 bullfrogs
  3 scorpions
  4 crimson imps
  4 hounds
  3 orc priests
  Crazy Yiuf (D:5)
  A bullfrog skeleton (D:5)
  Ijyb (D:4)
  3 iguanas
  Natasha (thrice) (D:3)
  13 orc wizards
  5 worker ants
  A killer bee zombie (D:5)
  A hound zombie (D:5)
  7 adders
  2 oozes
  An adder zombie (D:6)
  An adder skeleton (D:4)
  4 worms
  A leopard gecko (D:5)
  19 orcs
  2 ball pythons
  4 bats
  6 giant cockroaches
  4 goblins
  6 hobgoblins
  12 jackals
  A quokka (D:5)
  4 frilled lizards
  A jackal zombie (D:5)
  9 kobolds
  2 leopard gecko skeletons (D:4)
  A rat (D:2)
142 creatures vanquished.

Notes
Turn   | Place    | Note
-------+----------+-------------------------------------------
     0 | D:1      | Lilu the Deep Elf Conjurer began the quest for the Orb.
     0 | D:1      | Reached XP level 1. HP: 10/10 MP: 6/6
   234 | D:1      | Reached XP level 2. HP: 15/15 MP: 4/8
   428 | D:1      | Learned a level 2 spell: Searing Ray
   890 | D:1      | Reached XP level 3. HP: 17/19 MP: 3/10
  1616 | D:2      | Found a glowing silver altar of Zin.
  1616 | D:2      | Found a white marble altar of Elyvilon.
  1617 | D:2      | Found a glowing golden altar of the Shining One.
  1653 | D:2      | Found a hide-covered altar of Uskayaw.
  1654 | D:2      | Found a snail-covered altar of Cheibriados.
  1754 | D:2      | Reached skill level 5 in Conjurations
  1754 | D:2      | Reached XP level 4. HP: 24/24 MP: 7/12
  1984 | D:3      | Noticed Sigmund
  2116 | D:3      | Reached skill level 1 in Fighting
  2461 | D:3      | Found a blossoming altar of Fedhas.
  2759 | D:3      | Noticed Natasha
  2762 | D:3      | Killed Natasha
  2847 | D:3      | Noticed Natasha
  2857 | D:3      | Killed Natasha
  2857 | D:3      | Reached XP level 5. HP: 25/29 MP: 4/13
  3061 | D:3      | Noticed Natasha
  3069 | D:3      | Killed Natasha
  3127 | D:3      | Found a blossoming altar of Fedhas.
  3703 | D:3      | Killed Sigmund
  3703 | D:3      | Reached skill level 5 in Spellcasting
  3703 | D:3      | Reached XP level 6. HP: 35/35 MP: 10/15
  3848 | D:4      | Learned a level 4 spell: Iskenderun's Mystic Blast
  3853 | D:4      | Noticed Ijyb
  3857 | D:4      | Killed Ijyb
  3857 | D:4      | Reached skill level 5 in Dodging
  4207 | D:4      | Reached XP level 7. HP: 38/40 MP: 14/17
  4902 | D:5      | Entered Level 5 of the Dungeon
  5339 | D:5      | Learned a level 4 spell: Fulminant Prism
  5516 | D:5      | Reached XP level 8. HP: 44/44 MP: 15/20
  5567 | D:5      | Found a staircase to the Ecumenical Temple.
  5571 | Temple   | Entered the Ecumenical Temple
  5603 | Temple   | Became a worshipper of Vehumet
  6137 | D:5      | Found a runed door.
  6315 | D:5      | Noticed Crazy Yiuf
  6317 | D:5      | Killed Crazy Yiuf
  6374 | D:6      | Found Veorr's Armour Boutique.
  6551 | D:5      | Reached * piety under Vehumet
  6551 | D:5      | Offered knowledge of Flame Tongue by Vehumet.
  6652 | D:5      | Learned a level 1 spell: Flame Tongue
  6657 | D:5      | Learned a level 4 spell: Force Lance
  6687 | D:6      | Reached skill level 1 in Hexes
  6698 | D:6      | Reached skill level 1 in Fire Magic
  7347 | D:6      | Found Veorr's Armour Boutique.
  7800 | D:7      | Reached XP level 9. HP: 47/50 MP: 19/23
  7932 | D:7      | Noticed Joseph
  8443 | D:7      | Found a sacrificial altar of Ru.
  8472 | D:7      | Mangled by Joseph

Skill      XL: |  1  2  3  4  5  6  7  8  9 |
---------------+----------------------------+-----
Dodging        | 3 4 5 6 8 |  8.3
Spellcasting   | 4 5 7 8 |  8.0
Conjurations   | 5 6 7 8 |  8.6
Fighting       | 1 2 3 |  3.4
Hexes          | 2 3 |  3.3
Fire Magic     | 1 2 |  2.6
Stealth        | |  2.4

Action                   |  1- 3 |  4- 6 |  7- 9 || total
-------------------------+-------+-------+-------++-------
Melee: Unarmed           |     4 |       |       ||     4
       Dagger            |       |     1 |    13 ||    14
 Cast: Magic Dart        |    65 |    20 |   111 ||   196
       Searing Ray       |     5 |    14 |    55 ||    74
  Use: Potion            |       |       |     2 ||     2
 Stab: Sleeping          |       |     1 |       ||     1
  Eat: Chunk             |     2 |     4 |    13 ||    19
       Ration            |       |     1 |       ||     1
Armor: Robe              |     3 |       |       ||     3
       Leather armour    |     1 |     3 |     9 ||    13
Dodge: Dodged            |    24 |     9 |    63 ||    96
